Marlies vs Wolfpack
Created - April 6, 2022 at 23:51
Goals
|
Marlies |
3 |
1 |
2 |
6 |
Wolfpack |
1 |
1 |
1 |
3 |
|
Shots
|
Marlies |
12 |
10 |
15 |
37 |
Wolfpack |
19 |
9 |
7 |
35 |
|
1st period
1. Marlies , JT Compher 14 (Neal Pionk 37, Haydn Fleury 17) at 2:49 (PP)
2. Wolfpack , Mikhail Sergachev 5 (Samuel Blais 10, Derrick Pouliot 20) at 8:34 (PP)
3. Marlies , Pavel Zacha 19 (Nick Ritchie 38, Nicholas Baptiste 29) at 9:48
4. Marlies , Nick Ritchie 35 (Pavel Zacha 35, Neal Pionk 38) at 12:54
Penalties :
Connor Chatam (Har) for Hooking (Minor) at 2:13, Nick Ritchie (Tor) for Hooking (Minor) at 7:03, Nick Ritchie (Tor) for Hooking (Minor) at 19:49
2nd period
5. Marlies , Nick Ritchie 36 (Johan Larsson 12) at 5:41
6. Wolfpack , Dave Dziurzynski 16 (Mikhail Sergachev 14, Maxime Sauvé 45) at 7:21 (PP)
Penalties :
Nick Ritchie (Tor) for Holding (Minor) at 7:17, Steven Santini (Har) for Hooking (Minor) at 9:09, Nick Ritchie (Tor) for Hooking (Minor) at 10:18, Dave Dziurzynski (Har) for Hooking (Minor) at 12:01
3rd period
7. Marlies , Nicholas Baptiste 28 (Neal Pionk 39, Pavel Zacha 36) at 4:04
8. Marlies , JT Compher 15 (Aleksi Saarela 10, Shane Prince 10) at 18:23
9. Wolfpack , Dave Dziurzynski 17 (Mikhail Sergachev 15, David Pope 18) at 19:43
Penalties :
Tyler Benson (Tor) for Hooking (Minor) at 5:42, Neal Pionk (Tor) for Hooking (Minor) at 9:43, Logan Brown (Tor) for Hooking (Minor) at 11:52
Goalie Stats
Malcolm Subban (Tor), 32 saves from 35 shots - (0.914), W, 14-10-4, 60:00 minutes
Mike Condon (Har), 22 saves from 24 shots - (0.917), 34:19 minutes
Samuel Montembeault (Har), 9 saves from 13 shots - (0.692), L, 17-14-2, 25:41 minutes
Players Stats for Marlies
Player Name G A P +/- PIM S H SB GA TA FO MP PP MP PK MP
------------------------------------------------------------------------------------
Aleksi Saarela 0 1 1 1 0 2 3 1 0 0 5/10 15:40 0:00 3:38
Brett Pesce 0 0 0 -1 0 0 1 1 0 1 0/0 22:36 1:06 4:59
Colton Sissons 0 0 0 0 0 5 2 0 0 0 6/13 15:45 1:24 5:27
Haydn Fleury 0 1 1 4 0 0 3 0 0 2 0/0 27:12 2:22 5:09
Jeff Corbett 0 0 0 1 0 0 0 0 0 1 0/0 12:30 1:06 1:28
Johan Larsson 0 1 1 0 0 1 0 1 0 0 0/0 11:39 0:00 2:18
JT Compher 2 0 2 1 0 2 1 2 1 1 0/1 13:22 1:24 0:00
Linden Vey 0 0 0 0 0 1 1 0 0 0 0/0 11:23 0:00 2:29
Logan Brown 0 0 0 0 2 0 0 0 0 0 2/3 7:53 0:00 0:00
Lucas Carlsson 0 0 0 1 0 1 0 1 0 0 0/0 10:21 0:00 0:00
Mathieu Olivier 0 0 0 0 0 0 0 2 0 0 0/0 7:54 0:00 0:00
Neal Pionk 0 3 3 4 2 1 1 5 0 1 0/0 25:30 2:22 3:38
Nicholas Baptiste 1 1 2 3 0 8 1 0 1 1 1/2 22:24 2:04 3:29
Nick Ritchie 2 1 3 3 8 7 3 0 2 0 0/0 21:00 2:03 2:44
Pavel Zacha 1 2 3 3 0 5 0 1 0 0 20/33 18:57 2:04 0:00
Shane Prince 0 1 1 1 0 2 3 0 0 0 1/2 14:30 1:24 0:43
Tim Erixon 0 0 0 -1 0 1 2 1 1 0 0/0 21:50 0:00 5:34
Tyler Benson 0 0 0 0 2 1 2 0 0 1 0/0 7:57 0:00 0:00
Players Stats for Wolfpack
Player Name G A P +/- PIM S H SB GA TA FO MP PP MP PK MP
------------------------------------------------------------------------------------
Alexander Barabanov 0 0 0 0 0 0 0 0 0 0 0/0 6:33 0:00 0:00
Colton White 0 0 0 -1 0 0 1 0 0 1 0/0 10:11 0:00 0:00
Connor Chatam 0 0 0 0 2 0 3 0 0 1 0/0 6:54 0:15 0:00
Dave Dziurzynski 2 0 2 -1 2 6 3 2 0 0 1/2 21:55 5:01 0:17
David Pope 0 1 1 -3 0 1 1 1 0 0 1/1 11:47 0:18 0:09
Derrick Pouliot 0 1 1 -1 0 2 1 1 0 0 0/0 22:52 4:53 2:26
Henrik Samuelsson 0 0 0 0 0 6 0 0 2 0 5/8 17:51 4:59 0:56
Kevin Roy 0 0 0 0 0 1 0 0 0 0 0/1 8:02 0:25 0:24
Maxime Sauvé 0 1 1 -1 0 2 1 0 1 0 19/43 23:55 5:00 2:23
Mikhail Sergachev 1 2 3 -2 0 3 2 1 1 0 0/0 26:57 5:31 1:02
Ryan Culkin 0 0 0 -1 0 0 0 0 0 0 0/0 11:04 0:00 0:53
Ryan Dzingel 0 0 0 -3 0 2 1 0 1 0 1/1 10:27 0:00 0:00
Samuel Blais 0 1 1 0 0 2 1 0 1 0 0/2 16:35 5:04 0:00
Sebastian Collberg 0 0 0 0 0 1 1 0 0 0 1/2 16:44 5:07 0:00
Seth Griffith 0 0 0 -3 0 4 2 0 1 0 1/4 10:51 0:00 0:24
Stefan Noesen 0 0 0 -1 0 2 0 0 0 1 0/0 23:50 5:02 2:23
Steven Santini 0 0 0 -1 2 1 1 1 1 2 0/0 21:58 4:53 1:33
Vince Dunn 0 0 0 -2 0 2 0 1 0 0 0/0 26:57 5:31 1:02
3 Stars
1 - Pavel Zacha (Tor)
2 - JT Compher (Tor)
3 - Neal Pionk (Tor)
Power Play
Marlies - 1 on 3 Attempt(s) - 33.33%
Wolfpack - 2 on 7 Attempt(s) - 28.57%
Penalty Kill
Marlies - 5 on 7 Attempt(s) - 71.43%
- Score 0 goal in Penalty Kill
Wolfpack - 2 on 3 Attempt(s) - 66.67%
- Score 0 goal in Penalty Kill
Team Stat
Marlies - Hits : 23 - Faceoff Wins : 35 - Blocked Shots : 15 - Penalty Minutes : 14
Wolfpack - Hits : 18 - Faceoff Wins : 29 - Blocked Shots : 7 - Penalty Minutes : 6
Official
Referees : Dan Kelly and Conor O'Donnell
Linesman : Shandor Alphonso and Ryan Galloway
Game Notes
15:32 of 1st period - Wolfpack goal is going for a video replay. After video review, No Goal. The referee deems the play has been stopped, even if he had not physically had the opportunity to stop play by blowing his whistle.
Mike Condon enters game at 5:41 of 2nd period
4:04 of 3rd period - Marlies goal is going for a video replay. After video review, Goal.
Jeff Corbett is injured at 15:54 of 3rd period (Right Leg)
Finance
Level 1 -- Attendance: 1790 (89.50%) -- Ticket Income $62,650
Level 2 -- Attendance: 870 (87.00%) -- Ticket Income $13,050
Total Attendance: 2660 (88.67%)
Total Ticket Income: $75,700
Other Income: $3,785
Total Income: $79,485
Marlies
5 vs 5 Forward
Center Left Wing Right Wing Time % Phy DF OF
1 Pavel Zacha Nick Ritchie Nicholas Baptiste 40 1 2 2
2 Aleksi Saarela Shane Prince JT Compher 30 1 2 2
3 Colton Sissons Johan Larsson Linden Vey 20 1 2 2
4 Logan Brown Tyler Benson Mathieu Olivier 10 1 2 2
5 vs 5 Defense
Defense Defense Time % Phy DF OF
1 Haydn Fleury Neal Pionk 40 1 2 2
2 Tim Erixon Brett Pesce 30 1 2 2
3 Jeff Corbett Lucas Carlsson 20 1 2 2
4 Haydn Fleury Neal Pionk 10 1 2 2
PowerPlay Forward
Center Left Wing Right Wing Time % Phy DF OF
1 Pavel Zacha Nick Ritchie Nicholas Baptiste 60 1 2 2
2 Colton Sissons Shane Prince JT Compher 40 1 2 2
PowerPlay Defense
Defense Defense Time % Phy DF OF
1 Haydn Fleury Neal Pionk 60 1 2 2
2 Jeff Corbett Brett Pesce 40 1 2 2
Penalty Kill 4 Players Forward
Center Wing Time % Phy DF OF
1 Colton Sissons Nick Ritchie 60 1 2 2
2 Aleksi Saarela Linden Vey 40 1 2 2
Penalty Kill 4 Players Defense
Defense Defense Time % Phy DF OF
1 Haydn Fleury Tim Erixon 60 1 2 2
2 Neal Pionk Brett Pesce 40 1 2 2
Penalty Kill - 3 Players Forward
Forward Time % Phy DF OF
1 Colton Sissons 60 1 2 2
2 Aleksi Saarela 40 1 2 2
Penalty Kill - 3 Players Defense
Defense Defense Time % Phy DF OF
1 Haydn Fleury Tim Erixon 60 1 2 2
2 Neal Pionk Brett Pesce 40 1 2 2
4 vs 4 Forward
Center Wing Time % Phy DF OF
1 Pavel Zacha Nick Ritchie 60 1 2 2
2 Colton Sissons Nicholas Baptiste 40 1 2 2
4 vs 4 Defense
Defense Defense Time % Phy DF OF
1 Haydn Fleury Neal Pionk 60 1 2 2
2 Tim Erixon Brett Pesce 40 1 2 2
Last Minutes Offensive
Center Left Wing Right Wing Defense Defense
Colton Sissons Nick Ritchie Linden Vey Haydn Fleury Tim Erixon
Last Minutes Defensive
Center Left Wing Right Wing Defense Defense
Colton Sissons Nick Ritchie Linden Vey Haydn Fleury Tim Erixon
Goaltenders
Starting : Malcolm Subban
Backup : Charlie Lindgren
Extra Forwards
Normal : Nicholas Baptiste, Johan Larsson, Shane Prince - PP : Nicholas Baptiste, Johan Larsson - PK : Nicholas Baptiste
Extra Defensemen
Normal : Brett Pesce, Jeff Corbett, Lucas Carlsson - PP : Brett Pesce - PK : Brett Pesce, Jeff Corbett
Penalty Shots
Linden Vey, Nick Ritchie, JT Compher, Colton Sissons, Nicholas Baptiste
Scratches
Brycen Martin (Healthy), Dennis Gilbert (Healthy), Henri Ikonen (Healthy), Jaden Lindo (Healthy), Jakob Forsbacka-Karlsson (Healthy)
Radovan Bondra (Healthy), Simon Bourque (Healthy), Tobias Lindberg (Healthy), Zack MacEwen (Healthy), Otto Koivula (Healthy)
Jamie Phillips (Healthy)
Wolfpack
5 vs 5 Forward
Center Left Wing Right Wing Time % Phy DF OF
1 Maxime Sauvé Dave Dziurzynski Stefan Noesen 40 1 2 2
2 Henrik Samuelsson Samuel Blais Sebastian Collberg 30 1 2 2
3 Seth Griffith Ryan Dzingel David Pope 20 1 2 2
4 Kevin Roy Alexander Barabanov Connor Chatam 10 1 2 2
5 vs 5 Defense
Defense Defense Time % Phy DF OF
1 Vince Dunn Mikhail Sergachev 40 1 2 2
2 Derrick Pouliot Steven Santini 30 1 2 2
3 Ryan Culkin Colton White 20 1 2 2
4 Vince Dunn Mikhail Sergachev 10 1 2 2
PowerPlay Forward
Center Left Wing Right Wing Time % Phy DF OF
1 Maxime Sauvé Dave Dziurzynski Stefan Noesen 60 1 2 2
2 Henrik Samuelsson Samuel Blais Sebastian Collberg 40 1 2 2
PowerPlay Defense
Defense Defense Time % Phy DF OF
1 Vince Dunn Mikhail Sergachev 60 1 2 2
2 Derrick Pouliot Steven Santini 40 1 2 2
Penalty Kill 4 Players Forward
Center Wing Time % Phy DF OF
1 Maxime Sauvé Stefan Noesen 60 1 2 2
2 Dave Dziurzynski Henrik Samuelsson 40 1 2 2
Penalty Kill 4 Players Defense
Defense Defense Time % Phy DF OF
1 Derrick Pouliot Steven Santini 60 1 2 2
2 Vince Dunn Mikhail Sergachev 40 1 2 2
Penalty Kill - 3 Players Forward
Forward Time % Phy DF OF
1 Maxime Sauvé 60 1 2 2
2 Stefan Noesen 40 1 2 2
Penalty Kill - 3 Players Defense
Defense Defense Time % Phy DF OF
1 Derrick Pouliot Steven Santini 60 1 2 2
2 Vince Dunn Mikhail Sergachev 40 1 2 2
4 vs 4 Forward
Center Wing Time % Phy DF OF
1 Maxime Sauvé Stefan Noesen 60 1 2 2
2 Dave Dziurzynski Henrik Samuelsson 40 1 2 2
4 vs 4 Defense
Defense Defense Time % Phy DF OF
1 Vince Dunn Mikhail Sergachev 60 1 2 2
2 Derrick Pouliot Steven Santini 40 1 2 2
Last Minutes Offensive
Center Left Wing Right Wing Defense Defense
Maxime Sauvé Dave Dziurzynski Stefan Noesen Derrick Pouliot Steven Santini
Last Minutes Defensive
Center Left Wing Right Wing Defense Defense
Maxime Sauvé Dave Dziurzynski Stefan Noesen Derrick Pouliot Steven Santini
Goaltenders
Starting : Samuel Montembeault
Backup : Mike Condon
Extra Forwards
Normal : Samuel Blais, Stefan Noesen, Henrik Samuelsson - PP : Samuel Blais, Stefan Noesen - PK : Seth Griffith
Extra Defensemen
Normal : Derrick Pouliot, Ryan Culkin, Colton White - PP : Mikhail Sergachev - PK : Ryan Culkin, Colton White
Penalty Shots
Maxime Sauvé, Stefan Noesen, Dave Dziurzynski, Henrik Samuelsson, David Pope
Scratches
Adam Lowry (Healthy), Dryden Hunt (Healthy), Jacob Middleton (Healthy), Jake Marchment (Healthy), Joel Kiviranta (Healthy)
Joshua Jacobs (Healthy), Keegan Kolesar (Healthy), Mikhail Vorobyev (Healthy), Will Borgen (Healthy), Alex Barre-Boulet (Healthy)
Andrew Peeke (Healthy), Dante Fabbro (Healthy), Jeffrey Viel (Healthy), Yegor Korshkov (Healthy), Jake Paterson (Healthy)
% Time on Ice - Marlies
Lines # - Real PCT - Wanted PCT - Time Play
Normal Forward
1 - 36% - 40% - 16:16
2 - 27% - 30% - 11:58
3 - 20% - 20% - 8:54
4 - 18% - 10% - 7:54
Normal Defense
1 - 42% - 40% - 18:42
2 - 34% - 30% - 15:06
3 - 23% - 20% - 10:21
4 - 2% - 10% - 0:53
PP Forward
1 - 60% - 60% - 2:04
2 - 40% - 40% - 1:24
PP Defense
1 - 68% - 60% - 2:22
2 - 32% - 40% - 1:06
PK Forward
1 - 76% - 60% - 7:55
2 - 24% - 40% - 2:29
PK Defense
1 - 52% - 60% - 5:25
2 - 48% - 40% - 4:59
PK3 Forward
1 - 0% - 60%
2 - 0% - 40%
PK3 Defense
1 - 0% - 60%
2 - 0% - 40%
44 Forward
1 - 100% - 60% - 1:06
2 - 0% - 40% - 0:00
44 Defense
1 - 65% - 60% - 0:43
2 - 35% - 40% - 0:23
Last Minute Offensive - 0:00
Last Minute Defensive - 0:00
Total
Forward - 60:00
Defense - 60:00
|
% Time on Ice - Wolfpack
Lines # - Real PCT - Wanted PCT - Time Play
Normal Forward
1 - 36% - 40% - 16:25
2 - 26% - 30% - 11:37
3 - 23% - 20% - 10:27
4 - 15% - 10% - 6:33
Normal Defense
1 - 41% - 40% - 18:40
2 - 34% - 30% - 15:11
3 - 23% - 20% - 10:11
4 - 2% - 10% - 1:00
PP Forward
1 - 51% - 60% - 5:17
2 - 49% - 40% - 5:07
PP Defense
1 - 53% - 60% - 5:31
2 - 47% - 40% - 4:53
PK Forward
1 - 73% - 60% - 2:32
2 - 27% - 40% - 0:56
PK Defense
1 - 72% - 60% - 2:30
2 - 28% - 40% - 0:58
PK3 Forward
1 - 0% - 60%
2 - 0% - 40%
PK3 Defense
1 - 0% - 60%
2 - 0% - 40%
44 Forward
1 - 71% - 60% - 0:47
2 - 29% - 40% - 0:19
44 Defense
1 - 100% - 60% - 1:06
2 - 0% - 40% - 0:00
Last Minute Offensive - 0:00
Last Minute Defensive - 0:00
Total
Forward - 60:00
Defense - 60:00
|
Play-by-Play
1st period
0:01 of 1st period - Maxime Sauvé wins face-off versus Pavel Zacha in neutral zone.
0:10 of 1st period - Snap shot by Stefan Noesen.
0:10 of 1st period - Stopped by Malcolm Subban without a rebound.
0:11 of 1st period - Henrik Samuelsson wins face-off versus Aleksi Saarela in Marlies zone.
0:24 of 1st period - Wrist shot by JT Compher.
0:24 of 1st period - Deflect By Steven Santini.
0:24 of 1st period - Shot Misses the Net.
0:24 of 1st period - Puck is out of play.
0:25 of 1st period - Seth Griffith wins face-off versus Colton Sissons in Wolfpack zone.
0:27 of 1st period - Icing by David Pope.
0:28 of 1st period - Colton Sissons wins face-off versus Seth Griffith in Wolfpack zone.
0:29 of 1st period - Wrist shot by Linden Vey.
0:29 of 1st period - Stopped by Samuel Montembeault with a rebound.
0:33 of 1st period - Snap shot by Colton Sissons.
0:33 of 1st period - Stopped by Samuel Montembeault without a rebound.
0:34 of 1st period - Ryan Dzingel wins face-off versus Colton Sissons in Wolfpack zone.
0:39 of 1st period - Slapshot by Ryan Dzingel.
0:39 of 1st period - Stopped by Malcolm Subban with a rebound.
0:45 of 1st period - Colton White is hit by Colton Sissons and loses puck.
1:00 of 1st period - Slapshot by Linden Vey.
1:00 of 1st period - Shot Misses the Net.
1:04 of 1st period - Slapshot by Colton Sissons.
1:04 of 1st period - Stopped by Samuel Montembeault without a rebound.
1:05 of 1st period - Pavel Zacha wins face-off versus Maxime Sauvé in Wolfpack zone.
1:10 of 1st period - Wrist shot by Nicholas Baptiste.
1:10 of 1st period - Shot Misses the Net.
1:12 of 1st period - Slapshot by Neal Pionk.
1:12 of 1st period - Shot Misses the Net.
1:14 of 1st period - Backhand shot by Haydn Fleury.
1:14 of 1st period - Deflect By Nick Ritchie.
1:14 of 1st period - Shot Blocked by Dave Dziurzynski.
1:14 of 1st period - Puck is out of play.
1:15 of 1st period - Maxime Sauvé wins face-off versus Pavel Zacha in Wolfpack zone.
1:30 of 1st period - Snap shot by Nick Ritchie.
1:30 of 1st period - Deflect By Nicholas Baptiste.
1:30 of 1st period - Shot Misses the Net.
1:30 of 1st period - Puck is out of play.
1:31 of 1st period - Aleksi Saarela wins face-off versus Samuel Blais in Wolfpack zone.
2:13 of 1st period - Minor Penalty to Connor Chatam for Hooking.
2:14 of 1st period - Pavel Zacha wins face-off versus Maxime Sauvé in Wolfpack zone.
2:49 of 1st period - Snap shot by JT Compher.
2:49 of 1st period - Goal by JT Compher - Marlies : 1 - Wolfpack : 0.
2:50 of 1st period - Pavel Zacha wins face-off versus Maxime Sauvé in neutral zone.
2:57 of 1st period - Slapshot by Nick Ritchie.
2:57 of 1st period - Shot Misses the Net.
3:03 of 1st period - Snap shot by Stefan Noesen.
3:03 of 1st period - Stopped by Malcolm Subban with a rebound.
3:15 of 1st period - Mikhail Sergachev is hit by Neal Pionk and loses puck.
4:33 of 1st period - JT Compher is hit by Sebastian Collberg and loses puck.
4:56 of 1st period - Backhand shot by JT Compher.
4:56 of 1st period - Shot Misses the Net.
5:33 of 1st period - Icing by Steven Santini.
5:34 of 1st period - Pavel Zacha wins face-off versus Maxime Sauvé in Wolfpack zone.
5:45 of 1st period - Wrist shot by Nicholas Baptiste.
5:45 of 1st period - Shot Misses the Net.
5:47 of 1st period - Snap shot by Haydn Fleury.
5:47 of 1st period - Deflect By Nicholas Baptiste.
5:47 of 1st period - Stopped by Samuel Montembeault without a rebound.
5:48 of 1st period - Henrik Samuelsson wins face-off versus Shane Prince in Wolfpack zone.
6:15 of 1st period - Neal Pionk is hit by David Pope and loses puck.
6:20 of 1st period - Snap shot by David Pope.
6:20 of 1st period - Shot Blocked by Neal Pionk.
6:22 of 1st period - Slapshot by Ryan Dzingel.
6:22 of 1st period - Stopped by Malcolm Subban without a rebound.
6:23 of 1st period - Maxime Sauvé wins face-off versus Aleksi Saarela in Marlies zone.
6:30 of 1st period - Shane Prince is hit by Colton White.
6:34 of 1st period - Ryan Culkin is hit by Shane Prince.
6:48 of 1st period - Ryan Culkin is hit by Nick Ritchie and loses puck.
7:03 of 1st period - Minor Penalty to Nick Ritchie for Hooking.
7:04 of 1st period - Maxime Sauvé wins face-off versus Colton Sissons in Marlies zone.
7:27 of 1st period - Mikhail Sergachev is hit by Haydn Fleury and loses puck.
7:38 of 1st period - Wrist shot by Dave Dziurzynski.
7:38 of 1st period - Stopped by Malcolm Subban without a rebound.
7:39 of 1st period - Henrik Samuelsson wins face-off versus Colton Sissons in Marlies zone.
7:44 of 1st period - Wrist shot by Henrik Samuelsson.
7:44 of 1st period - Shot Hit the Post.
7:46 of 1st period - Slapshot by Steven Santini.
7:46 of 1st period - Stopped by Malcolm Subban without a rebound.
7:47 of 1st period - Sebastian Collberg wins face-off versus Colton Sissons in Marlies zone.
8:22 of 1st period - Wrist shot by Henrik Samuelsson.
8:22 of 1st period - Stopped by Malcolm Subban with a rebound.
8:24 of 1st period - Slapshot by Derrick Pouliot.
8:24 of 1st period - Stopped by Malcolm Subban with a rebound.
8:26 of 1st period - Backhand shot by Samuel Blais.
8:26 of 1st period - Stopped by Malcolm Subban with a rebound.
8:28 of 1st period - Slapshot by Derrick Pouliot.
8:28 of 1st period - Stopped by Malcolm Subban with a rebound.
8:30 of 1st period - Snap shot by Samuel Blais.
8:30 of 1st period - Shot Blocked by Aleksi Saarela.
8:32 of 1st period - Backhand shot by Mikhail Sergachev.
8:32 of 1st period - Shot Blocked by Neal Pionk.
8:34 of 1st period - Slapshot by Mikhail Sergachev.
8:34 of 1st period - Goal by Mikhail Sergachev - Marlies : 1 - Wolfpack : 1.
8:35 of 1st period - Pavel Zacha wins face-off versus Maxime Sauvé in neutral zone.
9:00 of 1st period - Mikhail Sergachev is hit by Haydn Fleury.
9:48 of 1st period - Snap shot by Nick Ritchie.
9:48 of 1st period - Deflect By Pavel Zacha.
9:48 of 1st period - Goal by Pavel Zacha - Marlies : 2 - Wolfpack : 1.
9:49 of 1st period - Pavel Zacha wins face-off versus Sebastian Collberg in neutral zone.
9:56 of 1st period - Slapshot by Nick Ritchie.
9:56 of 1st period - Stopped by Samuel Montembeault with a rebound.
9:58 of 1st period - Snap shot by Nick Ritchie.
9:58 of 1st period - Stopped by Samuel Montembeault with a rebound.
10:00 of 1st period - Snap shot by Nicholas Baptiste.
10:00 of 1st period - Stopped by Samuel Montembeault with a rebound.
10:41 of 1st period - Vince Dunn is hit by Colton Sissons and loses puck.
11:24 of 1st period - Snap shot by Nicholas Baptiste.
11:24 of 1st period - Stopped by Samuel Montembeault with a rebound.
11:26 of 1st period - Wrist shot by Nick Ritchie.
11:26 of 1st period - Stopped by Samuel Montembeault with a rebound.
11:50 of 1st period - Wrist shot by Vince Dunn.
11:50 of 1st period - Stopped by Malcolm Subban without a rebound.
11:51 of 1st period - Maxime Sauvé wins face-off versus Aleksi Saarela in Marlies zone.
12:16 of 1st period - Nick Ritchie is hit by Connor Chatam and loses puck.
12:54 of 1st period - Snap shot by Nick Ritchie.
12:54 of 1st period - Goal by Nick Ritchie - Marlies : 3 - Wolfpack : 1.
12:55 of 1st period - Aleksi Saarela wins face-off versus Dave Dziurzynski in neutral zone.
13:29 of 1st period - Snap shot by Samuel Blais.
13:29 of 1st period - Shot Blocked by Lucas Carlsson.
13:31 of 1st period - Slapshot by Mikhail Sergachev.
13:31 of 1st period - Deflect By Henrik Samuelsson.
13:31 of 1st period - Stopped by Malcolm Subban with a rebound.
13:33 of 1st period - Slapshot by Samuel Blais.
13:33 of 1st period - Stopped by Malcolm Subban with a rebound.
13:51 of 1st period - Snap shot by Seth Griffith.
13:51 of 1st period - Stopped by Malcolm Subban with a rebound.
15:28 of 1st period - Wrist shot by Dave Dziurzynski.
15:28 of 1st period - Stopped by Malcolm Subban with a rebound.
15:30 of 1st period - Wrist shot by Dave Dziurzynski.
15:30 of 1st period - Shot Misses the Net.
15:32 of 1st period - Slapshot by Dave Dziurzynski.
15:32 of 1st period - Wolfpack goal is going for a video replay.
15:32 of 1st period - The goal is refused. The referee deems the play has been stopped, even if he had not physically had the opportunity to stop play by blowing his whistle..
15:33 of 1st period - Aleksi Saarela wins face-off versus Maxime Sauvé in Marlies zone.
15:38 of 1st period - JT Compher is hit by Maxime Sauvé and loses puck.
15:49 of 1st period - Haydn Fleury is hit by Dave Dziurzynski and loses puck.
16:35 of 1st period - Snap shot by Samuel Blais.
16:35 of 1st period - Shot Blocked by Mathieu Olivier.
16:37 of 1st period - Slapshot by Samuel Blais.
16:37 of 1st period - Deflect By Henrik Samuelsson.
16:37 of 1st period - Shot Misses the Net.
16:37 of 1st period - Puck is out of play.
16:38 of 1st period - Shane Prince wins face-off versus Maxime Sauvé in Marlies zone.
17:52 of 1st period - Stefan Noesen is hit by Shane Prince and loses puck.
18:35 of 1st period - Wrist shot by Seth Griffith.
18:35 of 1st period - Stopped by Malcolm Subban with a rebound.
18:52 of 1st period - Off-side.
18:53 of 1st period - Maxime Sauvé wins face-off versus Logan Brown in neutral zone.
18:56 of 1st period - Jeff Corbett is hit by Dave Dziurzynski.
19:06 of 1st period - Wrist shot by Maxime Sauvé.
19:06 of 1st period - Shot Misses the Net.
19:27 of 1st period - Wrist shot by Sebastian Collberg.
19:27 of 1st period - Deflect By Nick Ritchie.
19:27 of 1st period - Shot Misses the Net.
19:27 of 1st period - Puck is out of play.
19:28 of 1st period - Nicholas Baptiste wins face-off versus Seth Griffith in Marlies zone.
19:33 of 1st period - Snap shot by Seth Griffith.
19:33 of 1st period - Shot Misses the Net.
19:35 of 1st period - Slapshot by Steven Santini.
19:35 of 1st period - Deflect By Seth Griffith.
19:35 of 1st period - Stopped by Malcolm Subban with a rebound.
19:41 of 1st period - Snap shot by Seth Griffith.
19:41 of 1st period - Shot Misses the Net.
19:43 of 1st period - Slapshot by Steven Santini.
19:43 of 1st period - Shot Blocked by Neal Pionk.
19:49 of 1st period - Minor Penalty to Nick Ritchie for Hooking.
19:50 of 1st period - Dave Dziurzynski wins face-off versus Nicholas Baptiste in Marlies zone.
Goals for this period are 3 for Marlies vs 1 for Wolfpack.
Shots for this period are 12 for Marlies vs 19 for Wolfpack.
2nd period
0:01 of 2nd period - Colton Sissons wins face-off versus Maxime Sauvé in neutral zone.
0:28 of 2nd period - Snap shot by Henrik Samuelsson.
0:28 of 2nd period - Shot Misses the Net.
0:30 of 2nd period - Snap shot by Henrik Samuelsson.
0:30 of 2nd period - Stopped by Malcolm Subban with a rebound.
1:49 of 2nd period - Penalty to Nick Ritchie is over, Nick Ritchie is back on ice.
2:05 of 2nd period - Snap shot by Seth Griffith.
2:05 of 2nd period - Shot Blocked by Mathieu Olivier.
2:43 of 2nd period - Ryan Dzingel is hit by Tyler Benson and loses puck.
2:56 of 2nd period - Shane Prince is hit by Samuel Blais and loses puck.
3:09 of 2nd period - Backhand shot by Vince Dunn.
3:09 of 2nd period - Shot Misses the Net.
3:21 of 2nd period - Backhand shot by Mikhail Sergachev.
3:21 of 2nd period - Deflect By Neal Pionk.
3:21 of 2nd period - Stopped by Malcolm Subban with a rebound.
3:23 of 2nd period - Slapshot by Maxime Sauvé.
3:23 of 2nd period - Shot Misses the Net.
3:47 of 2nd period - Snap shot by JT Compher.
3:47 of 2nd period - Shot Blocked by Steven Santini.
4:11 of 2nd period - Tim Erixon is hit by Connor Chatam and loses puck.
4:44 of 2nd period - Ryan Culkin is hit by JT Compher and loses puck.
4:55 of 2nd period - Pavel Zacha is hit by Connor Chatam and loses puck.
5:41 of 2nd period - Wrist shot by Nick Ritchie.
5:41 of 2nd period - Goal by Nick Ritchie - Marlies : 4 - Wolfpack : 1.
5:41 of 2nd period - Mike Condon enters game.
5:42 of 2nd period - Pavel Zacha wins face-off versus Maxime Sauvé in neutral zone.
6:15 of 2nd period - Snap shot by Shane Prince.
6:15 of 2nd period - Deflect By Derrick Pouliot.
6:15 of 2nd period - Shot Misses the Net.
6:15 of 2nd period - Puck is out of play.
6:16 of 2nd period - Maxime Sauvé wins face-off versus JT Compher in Wolfpack zone.
6:16 of 2nd period - Maxime Sauvé is hit by Aleksi Saarela.
6:32 of 2nd period - Snap shot by Dave Dziurzynski.
6:32 of 2nd period - Shot Blocked by JT Compher.
6:44 of 2nd period - Snap shot by Sebastian Collberg.
6:44 of 2nd period - Stopped by Malcolm Subban without a rebound.
6:45 of 2nd period - Henrik Samuelsson wins face-off versus Pavel Zacha in Marlies zone.
6:54 of 2nd period - Snap shot by Nicholas Baptiste.
6:54 of 2nd period - Stopped by Mike Condon without a rebound.
6:55 of 2nd period - Pavel Zacha wins face-off versus Maxime Sauvé in Wolfpack zone.
7:17 of 2nd period - Minor Penalty to Nick Ritchie for Holding.
7:18 of 2nd period - Maxime Sauvé wins face-off versus Colton Sissons in Marlies zone.
7:19 of 2nd period - Slapshot by Dave Dziurzynski.
7:19 of 2nd period - Stopped by Malcolm Subban with a rebound.
7:21 of 2nd period - Wrist shot by Mikhail Sergachev.
7:21 of 2nd period - Deflect By Dave Dziurzynski.
7:21 of 2nd period - Goal by Dave Dziurzynski - Marlies : 4 - Wolfpack : 2.
7:22 of 2nd period - Maxime Sauvé wins face-off versus Pavel Zacha in neutral zone.
7:25 of 2nd period - Backhand shot by Vince Dunn.
7:25 of 2nd period - Deflect By Maxime Sauvé.
7:25 of 2nd period - Stopped by Malcolm Subban without a rebound.
7:26 of 2nd period - Pavel Zacha wins face-off versus Maxime Sauvé in Marlies zone.
9:09 of 2nd period - Minor Penalty to Steven Santini for Hooking.
9:10 of 2nd period - Maxime Sauvé wins face-off versus Pavel Zacha in Wolfpack zone.
9:43 of 2nd period - Slapshot by Colton Sissons.
9:43 of 2nd period - Shot Misses the Net.
9:45 of 2nd period - Slapshot by Neal Pionk.
9:45 of 2nd period - Shot Misses the Net.
9:47 of 2nd period - Slapshot by Neal Pionk.
9:47 of 2nd period - Shot Misses the Net.
9:51 of 2nd period - Snap shot by JT Compher.
9:51 of 2nd period - Deflect By Colton Sissons.
9:51 of 2nd period - Stopped by Mike Condon without a rebound.
9:52 of 2nd period - Maxime Sauvé wins face-off versus Pavel Zacha in Wolfpack zone.
9:58 of 2nd period - Icing by Jeff Corbett.
9:59 of 2nd period - Pavel Zacha wins face-off versus Maxime Sauvé in Marlies zone.
10:18 of 2nd period - Minor Penalty to Nick Ritchie for Hooking.
10:19 of 2nd period - Maxime Sauvé wins face-off versus Pavel Zacha in Marlies zone.
10:44 of 2nd period - Stefan Noesen is hit by Haydn Fleury and loses puck.
11:09 of 2nd period - Penalty to Steven Santini is over, Steven Santini is back on ice.
12:01 of 2nd period - Minor Penalty to Dave Dziurzynski for Hooking.
12:02 of 2nd period - Pavel Zacha wins face-off versus Maxime Sauvé in Wolfpack zone.
12:03 of 2nd period - Snap shot by Nicholas Baptiste.
12:03 of 2nd period - Shot Misses the Net.
12:18 of 2nd period - Penalty to Nick Ritchie is over, Nick Ritchie is back on ice.
12:21 of 2nd period - Slapshot by Nick Ritchie.
12:21 of 2nd period - Deflect By Vince Dunn.
12:21 of 2nd period - Stopped by Mike Condon without a rebound.
12:22 of 2nd period - Colton Sissons wins face-off versus Maxime Sauvé in Wolfpack zone.
12:25 of 2nd period - Slapshot by Colton Sissons.
12:25 of 2nd period - Stopped by Mike Condon without a rebound.
12:26 of 2nd period - Colton Sissons wins face-off versus Maxime Sauvé in Wolfpack zone.
12:37 of 2nd period - Snap shot by Colton Sissons.
12:37 of 2nd period - Shot Misses the Net.
12:57 of 2nd period - Maxime Sauvé is hit by Nick Ritchie and loses puck.
13:57 of 2nd period - Slapshot by Henrik Samuelsson.
13:57 of 2nd period - Stopped by Malcolm Subban without a rebound.
13:58 of 2nd period - David Pope wins face-off versus Pavel Zacha in Marlies zone.
13:59 of 2nd period - Snap shot by Kevin Roy.
13:59 of 2nd period - Stopped by Malcolm Subban without a rebound.
14:00 of 2nd period - Pavel Zacha wins face-off versus Kevin Roy in Marlies zone.
14:01 of 2nd period - Penalty to Dave Dziurzynski is over, Dave Dziurzynski is back on ice.
14:07 of 2nd period - Snap shot by Dave Dziurzynski.
14:07 of 2nd period - Shot Blocked by Pavel Zacha.
14:21 of 2nd period - David Pope is hit by Linden Vey and loses puck.
15:06 of 2nd period - Snap shot by Seth Griffith.
15:06 of 2nd period - Shot Blocked by Brett Pesce.
15:20 of 2nd period - Snap shot by Aleksi Saarela.
15:20 of 2nd period - Stopped by Mike Condon without a rebound.
15:21 of 2nd period - Logan Brown wins face-off versus Maxime Sauvé in Wolfpack zone.
15:22 of 2nd period - Slapshot by Neal Pionk.
15:22 of 2nd period - Deflect By Tyler Benson.
15:22 of 2nd period - Stopped by Mike Condon with a rebound.
15:32 of 2nd period - Icing by Haydn Fleury.
15:33 of 2nd period - Logan Brown wins face-off versus Henrik Samuelsson in Marlies zone.
16:23 of 2nd period - Steven Santini is hit by Tim Erixon and loses puck.
17:10 of 2nd period - Colton White is hit by Tyler Benson and loses puck.
17:25 of 2nd period - Wrist shot by Seth Griffith.
17:25 of 2nd period - Stopped by Malcolm Subban with a rebound.
17:59 of 2nd period - Wrist shot by Nicholas Baptiste.
17:59 of 2nd period - Shot Misses the Net.
18:03 of 2nd period - Snap shot by Nick Ritchie.
18:03 of 2nd period - Shot Misses the Net.
18:05 of 2nd period - Slapshot by Neal Pionk.
18:05 of 2nd period - Shot Misses the Net.
18:07 of 2nd period - Wrist shot by Nick Ritchie.
18:07 of 2nd period - Stopped by Mike Condon with a rebound.
18:09 of 2nd period - Slapshot by Nicholas Baptiste.
18:09 of 2nd period - Stopped by Mike Condon with a rebound.
18:11 of 2nd period - Snap shot by Nick Ritchie.
18:11 of 2nd period - Shot Misses the Net.
18:13 of 2nd period - Snap shot by Nicholas Baptiste.
18:13 of 2nd period - Stopped by Mike Condon without a rebound.
18:14 of 2nd period - Maxime Sauvé wins face-off versus Aleksi Saarela in Wolfpack zone.
18:52 of 2nd period - Derrick Pouliot is hit by Tim Erixon and loses puck.
Goals for this period are 1 for Marlies vs 1 for Wolfpack.
Shots for this period are 10 for Marlies vs 9 for Wolfpack.
3rd period
0:01 of 3rd period - Pavel Zacha wins face-off versus Maxime Sauvé in neutral zone.
0:08 of 3rd period - Slapshot by Nick Ritchie.
0:08 of 3rd period - Shot Misses the Net.
0:10 of 3rd period - Snap shot by Pavel Zacha.
0:10 of 3rd period - Shot Misses the Net.
0:16 of 3rd period - Snap shot by Pavel Zacha.
0:16 of 3rd period - Stopped by Mike Condon without a rebound.
0:17 of 3rd period - Aleksi Saarela wins face-off versus Henrik Samuelsson in Wolfpack zone.
0:28 of 3rd period - Slapshot by Neal Pionk.
0:28 of 3rd period - Deflect By Shane Prince.
0:28 of 3rd period - Stopped by Mike Condon with a rebound.
0:32 of 3rd period - Snap shot by Aleksi Saarela.
0:32 of 3rd period - Deflect By Shane Prince.
0:32 of 3rd period - Stopped by Mike Condon with a rebound.
0:50 of 3rd period - Brett Pesce is hit by Mikhail Sergachev and loses puck.
1:05 of 3rd period - Wrist shot by David Pope.
1:05 of 3rd period - Shot Blocked by Johan Larsson.
1:25 of 3rd period - Backhand shot by Johan Larsson.
1:25 of 3rd period - Stopped by Mike Condon with a rebound.
1:27 of 3rd period - Slapshot by Tim Erixon.
1:27 of 3rd period - Stopped by Mike Condon without a rebound.
1:28 of 3rd period - Pavel Zacha wins face-off versus Samuel Blais in Wolfpack zone.
1:33 of 3rd period - Slapshot by Neal Pionk.
1:33 of 3rd period - Deflect By Steven Santini.
1:33 of 3rd period - Stopped by Mike Condon without a rebound.
1:34 of 3rd period - Maxime Sauvé wins face-off versus Pavel Zacha in Wolfpack zone.
2:05 of 3rd period - Snap shot by Henrik Samuelsson.
2:05 of 3rd period - Shot Misses the Net.
2:07 of 3rd period - Slapshot by Sebastian Collberg.
2:07 of 3rd period - Shot Blocked by JT Compher.
2:09 of 3rd period - Snap shot by Samuel Blais.
2:09 of 3rd period - Deflect By Henrik Samuelsson.
2:09 of 3rd period - Stopped by Malcolm Subban with a rebound.
3:05 of 3rd period - Snap shot by Nick Ritchie.
3:05 of 3rd period - Shot Misses the Net.
3:25 of 3rd period - Ryan Culkin is hit by Shane Prince.
3:54 of 3rd period - Slapshot by Colton Sissons.
3:54 of 3rd period - Stopped by Mike Condon without a rebound.
3:55 of 3rd period - Maxime Sauvé wins face-off versus Pavel Zacha in Wolfpack zone.
4:02 of 3rd period - Snap shot by Pavel Zacha.
4:02 of 3rd period - Stopped by Mike Condon with a rebound.
4:04 of 3rd period - Slapshot by Neal Pionk.
4:04 of 3rd period - Deflect By Nicholas Baptiste.
4:04 of 3rd period - Marlies goal is going for a video replay.
4:04 of 3rd period - The goal is good.
4:04 of 3rd period - Goal by Nicholas Baptiste - Marlies : 5 - Wolfpack : 2.
4:05 of 3rd period - Pavel Zacha wins face-off versus Maxime Sauvé in neutral zone.
4:12 of 3rd period - Wrist shot by Pavel Zacha.
4:12 of 3rd period - Stopped by Mike Condon without a rebound.
4:13 of 3rd period - Maxime Sauvé wins face-off versus Pavel Zacha in Wolfpack zone.
4:13 of 3rd period - Maxime Sauvé is hit by Nicholas Baptiste.
4:31 of 3rd period - Backhand shot by Stefan Noesen.
4:31 of 3rd period - Shot Blocked by Neal Pionk.
4:33 of 3rd period - Slapshot by Vince Dunn.
4:33 of 3rd period - Deflect By Neal Pionk.
4:33 of 3rd period - Stopped by Malcolm Subban without a rebound.
4:34 of 3rd period - Henrik Samuelsson wins face-off versus Aleksi Saarela in Marlies zone.
5:23 of 3rd period - Slapshot by Linden Vey.
5:23 of 3rd period - Shot Blocked by David Pope.
5:27 of 3rd period - Snap shot by Colton Sissons.
5:27 of 3rd period - Shot Misses the Net.
5:29 of 3rd period - Backhand shot by Johan Larsson.
5:29 of 3rd period - Shot Misses the Net.
5:42 of 3rd period - Minor Penalty to Tyler Benson for Hooking.
5:43 of 3rd period - Colton Sissons wins face-off versus Maxime Sauvé in Marlies zone.
6:08 of 3rd period - Brett Pesce is hit by Steven Santini and loses puck.
6:15 of 3rd period - Snap shot by Henrik Samuelsson.
6:15 of 3rd period - Shot Misses the Net.
7:42 of 3rd period - Penalty to Tyler Benson is over, Tyler Benson is back on ice.
7:51 of 3rd period - Logan Brown is hit by Ryan Dzingel and loses puck.
8:12 of 3rd period - Colton White is hit by Aleksi Saarela and loses puck.
8:59 of 3rd period - Slapshot by Neal Pionk.
8:59 of 3rd period - Shot Misses the Net.
9:01 of 3rd period - Wrist shot by JT Compher.
9:01 of 3rd period - Shot Misses the Net.
9:43 of 3rd period - Minor Penalty to Neal Pionk for Hooking.
9:44 of 3rd period - Colton Sissons wins face-off versus Maxime Sauvé in Marlies zone.
9:49 of 3rd period - Vince Dunn is hit by Nick Ritchie and loses puck.
11:43 of 3rd period - Penalty to Neal Pionk is over, Neal Pionk is back on ice.
11:52 of 3rd period - Minor Penalty to Logan Brown for Hooking.
11:53 of 3rd period - Maxime Sauvé wins face-off versus Colton Sissons in Marlies zone.
12:16 of 3rd period - Snap shot by Henrik Samuelsson.
12:16 of 3rd period - Shot Blocked by Tim Erixon.
13:32 of 3rd period - Snap shot by David Pope.
13:32 of 3rd period - Stopped by Malcolm Subban with a rebound.
13:52 of 3rd period - Penalty to Logan Brown is over, Logan Brown is back on ice.
14:37 of 3rd period - Lucas Carlsson is hit by Seth Griffith and loses puck.
15:41 of 3rd period - Snap shot by Mathieu Olivier.
15:41 of 3rd period - Shot Blocked by Derrick Pouliot.
15:43 of 3rd period - Slapshot by Tim Erixon.
15:43 of 3rd period - Shot Misses the Net.
15:53 of 3rd period - Jeff Corbett is hit by Dave Dziurzynski and loses puck.
15:54 of 3rd period - Jeff Corbett from Marlies is injured at 15:54 of 3rd period (Right Leg).
15:55 of 3rd period - Pavel Zacha wins face-off versus Maxime Sauvé in Marlies zone.
16:07 of 3rd period - Icing by Mikhail Sergachev.
16:08 of 3rd period - Maxime Sauvé wins face-off versus Pavel Zacha in Wolfpack zone.
16:47 of 3rd period - Wrist shot by Henrik Samuelsson.
16:47 of 3rd period - Stopped by Malcolm Subban without a rebound.
16:48 of 3rd period - Pavel Zacha wins face-off versus Seth Griffith in Marlies zone.
16:48 of 3rd period - Nicholas Baptiste is hit by Derrick Pouliot and loses puck.
17:13 of 3rd period - Derrick Pouliot is hit by Aleksi Saarela and loses puck.
17:26 of 3rd period - Stefan Noesen is hit by Brett Pesce and loses puck.
17:45 of 3rd period - Snap shot by Henrik Samuelsson.
17:45 of 3rd period - Shot Misses the Net.
17:47 of 3rd period - Slapshot by Steven Santini.
17:47 of 3rd period - Deflect By Henrik Samuelsson.
17:47 of 3rd period - Shot Blocked by Neal Pionk.
17:47 of 3rd period - Puck is out of play.
17:48 of 3rd period - Pavel Zacha wins face-off versus Henrik Samuelsson in Marlies zone.
17:55 of 3rd period - Snap shot by Pavel Zacha.
17:55 of 3rd period - Stopped by Mike Condon with a rebound.
17:57 of 3rd period - Slapshot by Lucas Carlsson.
17:57 of 3rd period - Deflect By Nicholas Baptiste.
17:57 of 3rd period - Stopped by Mike Condon with a rebound.
17:59 of 3rd period - Slapshot by Lucas Carlsson.
17:59 of 3rd period - Stopped by Mike Condon without a rebound.
18:00 of 3rd period - Pavel Zacha wins face-off versus Maxime Sauvé in Wolfpack zone.
18:13 of 3rd period - Slapshot by Haydn Fleury.
18:13 of 3rd period - Deflect By Pavel Zacha.
18:13 of 3rd period - Shot Blocked by Dave Dziurzynski.
18:13 of 3rd period - Puck is out of play.
18:14 of 3rd period - Aleksi Saarela wins face-off versus Maxime Sauvé in Wolfpack zone.
18:15 of 3rd period - Slapshot by Neal Pionk.
18:15 of 3rd period - Shot Blocked by Mikhail Sergachev.
18:17 of 3rd period - Slapshot by Shane Prince.
18:17 of 3rd period - Shot Misses the Net.
18:19 of 3rd period - Wrist shot by Shane Prince.
18:19 of 3rd period - Shot Blocked by Vince Dunn.
18:21 of 3rd period - Snap shot by Aleksi Saarela.
18:21 of 3rd period - Stopped by Mike Condon with a rebound.
18:23 of 3rd period - Snap shot by Aleksi Saarela.
18:23 of 3rd period - Deflect By JT Compher.
18:23 of 3rd period - Goal by JT Compher - Marlies : 6 - Wolfpack : 2.
18:24 of 3rd period - Pavel Zacha wins face-off versus Maxime Sauvé in neutral zone.
18:35 of 3rd period - Pavel Zacha is hit by Mikhail Sergachev.
19:14 of 3rd period - Johan Larsson is hit by Seth Griffith and loses puck.
19:43 of 3rd period - Wrist shot by Dave Dziurzynski.
19:43 of 3rd period - Goal by Dave Dziurzynski - Marlies : 6 - Wolfpack : 3.
19:44 of 3rd period - Maxime Sauvé wins face-off versus Pavel Zacha in neutral zone.
19:55 of 3rd period - Snap shot by Maxime Sauvé.
19:55 of 3rd period - Stopped by Malcolm Subban with a rebound.
19:57 of 3rd period - Slapshot by Vince Dunn.
19:57 of 3rd period - Shot Misses the Net.
19:59 of 3rd period - Backhand shot by Mikhail Sergachev.
19:59 of 3rd period - Stopped by Malcolm Subban without a rebound.
Goals for this period are 2 for Marlies vs 1 for Wolfpack.
Shots for this period are 15 for Marlies vs 7 for Wolfpack.
Output by the SimonT Hockey Simulator (STHS) for Francois Prevost